 Dungeon Crawl Stone Soup version 0.29.1-1-gd02db69 (webtiles) character file.

Game seed: 10420936627102901935

3075 samcosmo the Prestidigitator (level 10, -38/64 HPs)
             Began as a Kobold Enchanter on Mar 27, 2023.
             Was an Initiate of Dithmenos.
             Killed by the air
             ... invoked by Gastronok
              (39 damage)
             ... on level 8 of the Dungeon.
             The game lasted 00:46:37 (9149 turns).

samcosmo the Prestidigitator (Kobold Enchanter)     Turns: 9149, Time: 00:46:38

Health: -38/64     AC:  6    Str: 12    XL:     10   Next: 12%
Magic:  14/17      EV: 16    Int: 16    God:    Dithmenos [......]
Gold:   440        SH:  0    Dex: 28    Spells: 8/19 levels left

rFire   . . .      SeeInvis .   a - +3 dagger (flame)
rCold   . . .      Faith    .   (no shield)
rNeg    + . .      Spirit   .   y - +2 robe {Will+}
rPois   .          Reflect  .   q - +0 helmet
rElec   .          Harm     .   k - scarf {+Inv}
rCorr   .          Rampage  .   (no gloves)
Will    +....                   e - +0 pair of boots
Stlth   +++++.....              (no amulet)
HPRegen 0.20/turn               r - ring "Aroav" {rN+ Str+6 Dex+8}
MPRegen 0.15/turn               (no ring)

@: confusing by touch, invisible
A: small, no large weapons, nightstalker 3
a: Renounce Religion, Evoke Invisibility


You were on level 8 of the Dungeon.
You worshipped Dithmenos.
Dithmenos was noncommittal.
You visited 2 branches of the dungeon, and saw 9 of its levels.

You collected 440 gold pieces.

Inventory:

Hand Weapons
 a - a +3 dagger of flaming (weapon)
Armour
 e - a +0 pair of boots (worn)
 i - a +0 cloak
 k - a scarf of invisibility (worn)
 q - a +0 helmet (worn)
 y - a +2 robe of willpower (worn)
Magical Staves
 v - a staff of poison
Jewellery
 r - the ring "Aroav" (left hand) {rN+ Str+6 Dex+8}
   (You found it on level 5 of the Dungeon)

   [ring of strength]

   Str:       It affects your strength (+6).
   Dex:       It affects your dexterity (+8).
   rN:        It protects you from negative energy.
Wands
 t - a wand of flame (25)
 u - a wand of roots (14)
Scrolls
 b - a scroll of teleportation
 f - a scroll of identify
 j - a scroll of magic mapping
 m - 2 scrolls of butterflies
 w - a scroll of poison {unknown}
 x - a scroll of blinking {unknown}
Potions
 d - a potion of curing
 g - a potion of magic
 h - 2 potions of lignification
 l - 2 potions of berserk rage
 n - a potion of cancellation
 o - a potion of haste
 p - a potion of degeneration
 s - a potion of flight


   Skills:
 + Level 8.0 Fighting
 * Level 10.1 Short Blades
 - Level 2.4 Dodging
 + Level 7.1 Stealth
 - Level 5.0 Spellcasting
 - Level 5.0 Hexes
 + Level 11.3 Evocations


You had 8 spell levels left.
You knew the following spells:

 Your Spells              Type           Power      Damage    Failure   Level
a - Ensorcelled Hibernat  Hex/Ice        24%        N/A       9%          2
b - Confusing Touch       Hex            20%        N/A       6%          3
c - Dazzling Flash        Conj/Hex       24%        N/A       16%         3
d - Tukima's Dance        Hex            20%        N/A       6%          3

Your spell library contained the following spells:

 Spells                   Type           Power      Damage    Failure   Level
 Static Discharge         Conj/Air       4%         3-4/arc   22%         2
 Gell's Gravitas          Tloc           4%         N/A       41%         3
 Lesser Beckoning         Tloc           4%         N/A       41%         3
 Teleport Other           Tloc           4%         N/A       41%         3
 Dispel Undead            Necr           4%         3d7       83%         4
 Sticky Flame             Conj/Fire      4%         2d3       83%         4


Dungeon Overview and Level Annotations

Branches:
Dungeon (8/15)             Temple (1/1) D:7
   Lair: D:8-11

Altars:
Ashenzari
Cheibriados
Dithmenos
Elyvilon
Fedhas
Gozag
Hepliaklqana
Kikubaaqudgha
Makhleb
Nemelex Xobeh
Qazlal
Sif Muna
Uskayaw
Vehumet
Wu Jian
Xom
Yredelemnul
Zin
The Shining One

Shops:
D:4 :

Annotations:
D:5 3 runed translucent doors, da312102's ghost, novice MiGl
D:6 3 runed translucent doors
D:8 Gastronok


Innate Abilities, Weirdness & Mutations

You are small and have problems with some larger weapons.
You are completely attuned to the shadows.


Message History

You hit Gastronok. You burn Gastronok.
Gastronok is almost dead.
Gastronok closely misses you.
You hit Gastronok but do no damage.
Gastronok is almost dead.
You hit Gastronok. You burn Gastronok.
Gastronok is almost dead.
You hit Gastronok. You burn Gastronok.
Gastronok is almost dead.
You hit Gastronok. You burn Gastronok.
Gastronok is almost dead.
Gastronok waves his eye-stalks in wide circles.
The air twists around and strikes you!!
Ouch! That really hurt!
Casting: Ensorcelled Hibernation (safe; 9% risk of failure)
Confirm with . or Enter, or press ? or * to list all spells.
Your hands begin to glow red.
You hit Gastronok but do no damage.
Gastronok is almost dead.
Gastronok waves his eye-stalks in wide circles.
The air twists around and strikes you!!
* * * LOW HITPOINT WARNING * * *
Okay, then.
You fade into invisibility!
You hit Gastronok but do no damage.
Gastronok is almost dead.
You hit Gastronok but do no damage.
Gastronok is almost dead.
Gastronok closely misses you.
You hit Gastronok but do no damage.
Gastronok is almost dead.
You hit Gastronok but do no damage.
Gastronok is almost dead.
You hit Gastronok but do no damage.
Gastronok is almost dead.
You hit Gastronok but do no damage.
Gastronok is almost dead.
Gastronok waves his eye-stalks in wide circles.
Ouch! That really hurt!
You die...

#.[....
##......
#.......
##.......
...w@<...
.........
≈≈≈......
..≈.)....
#.≈......


You could see Gastronok.

Vanquished Creatures
  A hornet (D:7)
  Sigmund (D:7)
  Eustachio (D:5)
  Menkaure (D:6)
  3 water moccasins
  3 ogres
  A necrophage (D:6)
  A bullfrog (D:7)
  A scorpion (D:6)
  6 killer bees (D:7)
  4 howler monkeys
  3 orc priests
  A jelly (D:4)
  Natasha (thrice) (D:2)
  2 iguanas
  An orc wizard (D:4)
  Robin (D:4)
  4 gnolls (D:5)
  6 adders
  A shadow imp (D:7)
  2 white imps (D:6)
  An ufetubus (D:6)
  2 worms
  6 dart slugs
  22 orcs
  4 bats
  6 endoplasms
  3 giant cockroaches
  20 goblins
  9 hobgoblins
  3 jackals (D:4)
  8 kobolds
  A quokka (D:1)
  9 ball pythons
  2 frilled lizards
  5 rats
148 creatures vanquished.

Vanquished Creatures (collateral kills)
  Edmund (D:7)
  An orc (D:7)
2 creatures vanquished.

Vanquished Creatures (others)
  A dancing weapon (D:5)
  2 goblins (D:4)
  A hobgoblin (D:4)
  A bush (D:7)
  3 plants (D:7)
8 creatures vanquished.

Grand Total: 158 creatures vanquished

Notes
Turn   | Place    | Note
-------+----------+-------------------------------------------
     0 | D:1      | samcosmo the Kobold Enchanter began the quest for the Orb.
     0 | D:1      | Reached XP level 1. HP: 10/10 MP: 3/3
   204 | D:1      | Reached XP level 2. HP: 15/15 MP: 5/5
   207 | D:1      | Learned a level 2 spell: Ensorcelled Hibernation
  1006 | D:1      | Reached XP level 3. HP: 20/20 MP: 6/6
  1599 | D:2      | Reached skill level 1 in Fighting
  1847 | D:2      | Reached XP level 4. HP: 25/25 MP: 8/8
  1873 | D:2      | Learned a level 3 spell: Confusing Touch
  1877 | D:2      | Learned a level 3 spell: Dazzling Flash
  2006 | D:2      | Noticed Natasha
  2009 | D:2      | Killed Natasha
  2041 | D:2      | Found a faded altar of an unknown god.
  2066 | D:2      | Noticed Natasha
  2072 | D:2      | Killed Natasha
  2073 | D:2      | Reached XP level 5. HP: 29/29 MP: 4/9
  2226 | D:2      | Noticed Natasha
  2231 | D:2      | Killed Natasha
  2232 | D:2      | Reached skill level 1 in Evocations
  2912 | D:3      | Found a blossoming altar of Fedhas.
  3296 | D:3      | Reached XP level 6. HP: 30/35 MP: 11/11
  3843 | D:4      | Reached skill level 5 in Stealth
  3872 | D:4      | Found Jagizan's Book Shop.
  3933 | D:4      | Found a radiant altar of Vehumet.
  4275 | D:4      | Reached skill level 2 in Evocations
  4588 | D:4      | Found an ornate altar of the Wu Jian Council.
  4863 | D:4      | Noticed Robin
  4866 | D:4      | Killed Robin
  4871 | D:4      | Reached XP level 7. HP: 26/40 MP: 13/13
  5142 | D:5      | Entered Level 5 of the Dungeon
  5370 | D:5      | Found a runed translucent gate.
  5371 | D:5      | Found a runed translucent gate.
  5372 | D:5      | Found a runed translucent gate.
  5746 | D:5      | Noticed da312102's ghost (novice MiGl)
  5783 | D:5      | Noticed Eustachio
  5803 | D:5      | Learned a level 3 spell: Tukima's Dance
  5818 | D:5      | Killed Eustachio
  5899 | D:5      | Identified the ring "Aroav" {rN+ Str+6 Dex+8}
  6575 | D:6      | Reached skill level 10 in Evocations
  6575 | D:6      | Reached XP level 8. HP: 53/53 MP: 14/14
  6791 | D:6      | Reached XP level 9. HP: 51/54 MP: 9/15
  6842 | D:6      | Noticed Menkaure
  6849 | D:6      | Killed Menkaure
  6850 | D:6      | Reached skill level 11 in Evocations
  6932 | D:6      | Found a runed translucent gate.
  6933 | D:6      | Found a runed translucent gate.
  6933 | D:6      | Noticed a spectral unseen horror
  6934 | D:6      | Found a runed translucent gate.
  7335 | D:7      | Noticed Sigmund
  7335 | D:7      | Noticed Edmund
  7564 | D:7      | Found a staircase to the Ecumenical Temple.
  7574 | Temple   | Entered the Ecumenical Temple
  7716 | Temple   | Became a worshipper of Dithmenos the Shadowed
  7948 | D:7      | Killed Sigmund
  7949 | D:7      | Reached skill level 10 in Short Blades
  8075 | D:7      | Reached skill level 5 in Hexes
  8696 | D:7      | Noticed a hornet
  8712 | D:7      | Killed a hornet
  8713 | D:7      | Reached skill level 5 in Spellcasting
  8713 | D:7      | Reached XP level 10. HP: 44/64 MP: 10/17
  9042 | D:7      | Killed Edmund
  9124 | D:8      | Noticed Gastronok
  9142 | D:8      | HP: 1/64 [Gastronok/the air (30)]
  9149 | D:8      | Killed from afar by Gastronok

Illustrated notes

Levels and vault maps discovered:
D:1:      lemuel_arrival_room, layout_rooms, minmay_hedge_maze,
          serial_bayou_pond_d
D:2:      wad_crossroads, layout_basic,
          shapermc_ecumenical_altar_mp_urbaneastern, uniq_natasha
D:3:      layout_loops_ring, lemuel_round_altar, minmay_starry_boxes
D:4:      kennysheep_goblin_castle, layout_rooms, nzn_wu_jian_council_hall,
          nicolae_vehumet_altar_sigil, serial_shops, nicolae_shop_waterfront
D:5:      layout_loops_ring, biasface_ghost_orc_armoury, ldierk_geyser,
          corexii_leaking_fountain, nrook_campfire, uniq_eustachio
D:6:      layout_basic, gammafunk_ghost_necromancy,
          eino_small_chamber_without_monster, uniq_menkaure
D:7:      minmay_klotski, layout_loops_corners,
          minmay_temple_entry_glassed_door, sigmund_edmund_badplayer
D:8:      layout_basic, mainiacjoe_overflow_brackets, uniq_gastronok,
          uniq_maurice
Temple:   minmay_temple_bridge_d

Skill      XL: |  1  2  3  4  5  6  7  8  9 10 |
---------------+-------------------------------+-----
Short Blades   | 2 3 9 10 | 10.1
Fighting       | 1 2 7 8 |  8.0
Spellcasting   | 3 4 5 |  5.0
Evocations     | 1 2 10 11 | 11.3
Stealth        | 5 6 7 |  7.1
Hexes          | 4 5 |  5.0
Dodging        | |  2.4

Action                   |  1- 3 |  4- 6 |  7- 9 | 10-12 || total
-------------------------+-------+-------+-------+-------++-------
Melee: Dagger            |   271 |   158 |   140 |    26 ||   595
       Punch             |     4 |     4 |     4 |       ||    12
 Cast: Ensorcelled Hiber |     2 |    20 |    24 |     4 ||    50
       Confusing Touch   |       |       |     6 |     1 ||     7
       Tukima's Dance    |       |       |     4 |     1 ||     5
 Abil: Evoke Invisibilit |       |       |     2 |       ||     2
  Use: Scroll            |       |     9 |     8 |       ||    17
       Potion            |       |     1 |     3 |     1 ||     5
 Stab: Sleeping          |    13 |    30 |    17 |     2 ||    62
       Invisible         |       |     4 |     8 |       ||    12
       Distracted        |       |     1 |     1 |       ||     2
       Confused          |       |       |     4 |       ||     4
Armor: Robe              |    11 |    23 |    12 |     2 ||    48
Dodge: Dodged            |    52 |   105 |    77 |     4 ||   238
